 Dungeon Crawl Stone Soup version 0.19-a0-1855-gb7442ac (webtiles) character file.

1554 graymark the Destroyer (level 8, -3/41 HPs)
             Began as a Tengu Wizard on Oct 11, 2016.
             Was a Follower of Sif Muna.
             Slain by an ogre
             ... wielding a +0 giant spiked club
              (24 damage)
             ... on level 7 of the Dungeon.
             The game lasted 00:35:58 (8368 turns).

graymark the Destroyer (Tengu Wizard)               Turns: 8368, Time: 00:36:01

Health: -3/41      AC:  5    Str:  7    XL:     8   Next: 88%
Magic:  21/27      EV: 17    Int: 22    God:    Sif Muna [*.....]
Gold:   233        SH:  3    Dex: 17    Spells: 7 memorised, 3 levels left

rFire  . . .     SeeInvis .     o - +4 hunting sling (velocity)
rCold  . . .     Gourm    .     a - +0 robe
rNeg   . . .     Faith    .     (no shield)
rPois  .         Spirit   .     q - +0 hat
rElec  .         Dismiss  .     y - +2 cloak
rCorr  .         Reflect  +     (no gloves)
MR     .....     Harm     .     (boots unavailable)
Stlth  ++++......               g - +3 amulet of reflection
                                (no ring)
                                r - ring of magical power

@: agile, lethally poisoned (-3 -> -6), very slightly contaminated, repel
missiles, drained
A: beak, talons 3, able to fly 1
a: Fly, Divine Energy, Renounce Religion


You were on level 7 of the Dungeon.
You worshipped Sif Muna.
Sif Muna was aware of your devotion.
You were hungry.

You visited 2 branches of the dungeon, and saw 8 of its levels.

You collected 233 gold pieces.

Inventory:

Hand Weapons
 l - a +0 dagger
 o - a +4 hunting sling of velocity (weapon)
Missiles
 p - 120 stones (quivered)
Armour
 a - a +0 robe (worn)
 b - a +0 hat
 q - a +0 hat (worn)
 w - a +0 buckler
 y - a +2 cloak (worn)
Jewellery
 g - a +3 amulet of reflection (around neck)
 r - a ring of magical power (left hand)
Wands
 u - a wand of heal wounds (1/9)
 D - a wand of acid (10/15)
Scrolls
 j - 2 scrolls of immolation
 k - a scroll of enchant armour {unknown}
 m - a scroll of magic mapping
 v - 2 scrolls of remove curse
 x - 2 scrolls of fear {unknown}
 E - a scroll of teleportation {unknown}
Potions
 f - 2 potions of berserk rage
 h - a potion of cure mutation
 i - 5 potions of curing
 s - a potion of agility
 t - a potion of brilliance
 C - a potion of haste
Books
 c - a book of Minor Magic

   Spells                             Type                      Level
   a - Magic Dart                     Conjuration                  1
   b - Blink                          Translocation                2
   c - Call Imp                       Summoning                    2
   d - Repel Missiles                 Charms/Air                   2
   e - Slow                           Hexes                        2
   f - Conjure Flame                  Conjuration/Fire             3
   g - Mephitic Cloud                 Conjuration/Poison/Air       3
 e - a book of Death

   Spells                             Type                      Level
   a - Corpse Rot                     Necromancy                   2
   b - Sublimation of Blood           Necromancy                   2
   c - Agony                          Necromancy                   5
   d - Dispel Undead                  Necromancy                   5
   e - Excruciating Wounds            Charms/Necromancy            5
   f - Bolt of Draining               Conjuration/Necromancy       5
Comestibles
 d - 4 bread rations
 n - a meat ration
 z - a beef jerky
 A - 2 royal jellies


   Skills:
 + Level 4.9(4.6) Slings
 - Level 2.1(1.9) Dodging
 - Level 4.0(3.7) Stealth
 * Level 6.5(6.2) Spellcasting
 * Level 8.3(8.1) Conjurations
 - Level 1.2(1.0) Summonings
 - Level 0.7(0.5) Translocations


You had 3 spell levels left.
You knew the following spells:

 Your Spells              Type           Power        Failure   Level  Hunger
a - Magic Dart            Conj           ####         1%          1    None
b - Blink                 Tloc           N/A          12%         2    None
c - Slow                  Hex            #.......     14%         2    None
d - Conjure Flame         Conj/Fire      ###.....     6%          3    #......
e - Repel Missiles        Chrm/Air       #.....       14%         2    None
f - Call Imp              Summ           ##......     10%         2    None
g - Bolt of Draining      Conj/Necr      ###.......   50%         5    #####..


Dungeon Overview and Level Annotations

Branches:
Dungeon (7/15)             Temple (1/1) D:5

Altars:
Ashenzari
Cheibriados
Dithmenos
Fedhas
Gozag
Hepliaklqana
Kikubaaqudgha
Makhleb
Nemelex Xobeh
Qazlal
Ru
Sif Muna
Vehumet
Zin
The Shining One

Shops:
D:7 !

Annotations:
D:1 1 runed door
D:5 exclusion: door
D:6 1 runed door, Razmath's ghost, novice DsVM


Innate Abilities, Weirdness & Mutations

You have a beak for a mouth.
You have claws for feet.
You can fly.


Message History

You feel sick. The quokka bites you.
The wight hits you with an enchanted flail.
You feel drained.
Found Busim's Distillery.
Found a stone staircase leading down.
Casting: Blink
Confirm with . or Enter, or press ? or * to list all spells.
Okay, then.
Casting: Blink
Confirm with . or Enter, or press ? or * to list all spells.
You miscast Blink.
You are very lightly contaminated with residual magic.
The air around you crackles with energy!
The quokka barely misses you. The ogre completely misses you.
Casting: Blink
Confirm with . or Enter, or press ? or * to list all spells.
You miscast Blink.
You feel a wrenching sensation. The quokka closely misses you.
You block the wight's attack.
The ogre hits you with a giant spiked club!!
Ouch! That really hurt!
You die...

#z #. #.# ..
####.#######
#....z.....#
##....z.....#
∩......@....#
##....OrK...#
#>...(KK...#
####.##..§.#
#. #....#
........#
#####....#
#....# ######


You could see a big kobold, an ogre, 3 wights, a quokka and 2 kobolds.

Vanquished Creatures
  Prince Ribbit (D:6)
  Sigmund (D:2)
  2 water moccasins (D:5)
  An ice beast (D:6)
  2 phantoms
  An ogre (D:4)
  A centaur (D:5)
  2 bullfrogs (D:6)
  2 howler monkeys
  A jelly (D:6)
  3 crimson imps
  A quasit (D:6)
  A hound (D:6)
  A centaur skeleton (D:5)
  A worker ant (D:6)
  8 adders
  2 shadow imps (D:5)
  3 worms
  3 leopard geckos
  4 orcs
  A ball python (D:4)
  5 giant cockroaches (D:2)
  7 goblins
  6 hobgoblins
  5 jackals
  2 quokkas
  7 bats
  3 frilled lizards
  6 kobolds
  A leopard gecko zombie (D:5)
  2 quokka zombies
  5 rats
91 creatures vanquished.

Notes
Turn   | Place    | Note
-------+----------+-------------------------------------------
     0 | D:1      | graymark the Tengu Wizard began the quest for the Orb.
     0 | D:1      | Reached XP level 1. HP: 10/10 MP: 5/5
     1 | D:1      | Found a runed door.
   319 | D:1      | Reached XP level 2. HP: 6/15 MP: 0/7
   640 | D:1      | Learned a level 2 spell: Blink
   945 | D:1      | Reached skill level 2 in Conjurations
  1621 | D:2      | Reached XP level 3. HP: 19/19 MP: 4/8
  1659 | D:2      | Learned a level 2 spell: Slow
  1663 | D:2      | Learned a level 3 spell: Conjure Flame
  2160 | D:2      | Found a sparkling altar of Nemelex Xobeh.
  2166 | D:2      | Reached skill level 3 in Conjurations
  2166 | D:2      | Reached XP level 4. HP: 17/24 MP: 8/10
  2314 | D:2      | Learned a level 2 spell: Repel Missiles
  2432 | D:2      | Found a shadowy altar of Dithmenos.
  2772 | D:2      | Noticed Sigmund
  2786 | D:2      | Killed Sigmund
  2786 | D:2      | Reached skill level 4 in Conjurations
  2786 | D:2      | Gained mutation: You can fly. [Tengu growth]
  2786 | D:2      | Reached XP level 5. HP: 14/28 MP: 12/12
  2786 | D:2      | Reached XP level 6. HP: 16/32 MP: 13/13
  3033 | D:3      | Found an opulent altar of Gozag.
  3539 | D:3      | Found a burning altar of Makhleb.
  3544 | D:3      | Found a glowing silver altar of Zin.
  3544 | D:3      | Noticed an angel
  3549 | D:3      | Noticed a balrug
  3889 | D:4      | Noticed a phantom
  3895 | D:4      | Learned a level 2 spell: Call Imp
  3948 | D:4      | Killed a phantom
  3948 | D:4      | Reached skill level 1 in Slings
  4052 | D:4      | Found a shattered altar of Ashenzari.
  4092 | D:4      | Reached skill level 5 in Conjurations
  4225 | D:4      | Found a stormy altar of Qazlal.
  4241 | D:4      | Reached XP level 7. HP: 36/36 MP: 15/15
  4509 | D:5      | Entered Level 5 of the Dungeon
  4647 | D:5      | Found a staircase to the Ecumenical Temple.
  4755 | Temple   | Entered the Ecumenical Temple
  4763 | Temple   | Became a worshipper of Sif Muna the Loreminder
  4975 | D:5      | Reached skill level 5 in Spellcasting
  5029 | D:5      | Got a smoking ring mail
  5033 | D:5      | Identified the +1 ring mail "Idoal" {rElec MR++ Regen+ SInv} (You found it on level 5 of the Dungeon)
  5202 | D:5      | Reached skill level 6 in Conjurations
  5693 | D:5      | Reached XP level 8. HP: 5/41 MP: 17/17
  6525 | D:6      | Reached skill level 7 in Conjurations
  6753 | D:6      | Noticed Razmath's ghost (novice DsVM)
  6829 | D:5      | HP: 2/41 [poisoned by Razmath's ghost (toxic radiance)]
  6837 | D:5      | HP: 1/41 [poisoned by Razmath's ghost (toxic radiance)]
  7187 | D:6      | Found an ancient bone altar of Kikubaaqudgha.
  7188 | D:6      | Found a blossoming altar of Fedhas.
  7374 | D:6      | Reached * piety under Sif Muna
  7765 | D:6      | Found a glowing silver altar of Zin.
  7765 | D:6      | Noticed an angel
  7766 | D:6      | Found a runed door.
  7777 | D:6      | Noticed Prince Ribbit
  7795 | D:6      | Killed Prince Ribbit
  7795 | D:6      | Reached skill level 8 in Conjurations
  7846 | D:6      | Learned a level 5 spell: Bolt of Draining
  8366 | D:7      | Found Busim's Distillery.
  8368 | D:7      | Slain by an ogre

Vault maps used:
D:1:      dpeg_arrival_caged_fury, minmay_misc_feat_encased
D:2:      lemuel_crystal_altar, marbit_many_paths, uniq_sigmund
D:3:      grunt_temple_overflow_order_and_chaos_2, grunt_gozag_statues
D:4:      lemuel_crystal_altar, ashenzari_conservatory_becter, grunt_decor_cap
D:5:      cheibrodos_two_vegetables, first_bread
D:6:      grunt_temple_overflow_growth_and_decay, lemuel_angel_altar,
          uniq_prince_ribbit1
D:7:      lemuel_round_altar, basic_altar, serial_shops, shop
Temple:   chequers_temple_sunken

Skill      XL: |  1  2  3  4  5  6  7  8 |
---------------+-------------------------+-----
Conjurations   | 2 3 4 5 6 8 |  8.3
Stealth        | 3 4 |  4.0
Spellcasting   | 4 5 6 |  6.5
Slings         | 1 3 4 |  4.9
Dodging        | |  2.1
Summonings     | |  1.2
Translocations | |  0.7

Action                   |  1- 3 |  4- 6 |  7- 9 || total
-------------------------+-------+-------+-------++-------
Melee: Unarmed           |    17 |       |       ||    17
       Kick              |     2 |       |       ||     2
       Peck              |     1 |       |       ||     1
       Dagger            |     6 |     1 |       ||     7
 Fire: Hunting sling     |    18 |    94 |   181 ||   293
 Cast: Magic Dart        |    73 |     9 |    32 ||   114
       Conjure Flame     |       |     2 |     2 ||     4
       Call Imp          |       |     7 |       ||     7
       Blink             |       |     2 |     8 ||    10
       Repel Missiles    |       |       |     1 ||     1
Evoke: Wand              |       |       |     1 ||     1
  Use: Scroll            |     2 |     5 |     9 ||    16
       Potion            |       |     1 |     2 ||     3
 Stab: Sleeping          |     1 |     1 |       ||     2
  Eat: Chunk             |     4 |     5 |    10 ||    19
       Pizza             |       |       |     1 ||     1
       Beef jerky        |       |       |     1 ||     1
Armor: Robe              |    18 |     5 |    26 ||    49
Dodge: Dodged            |    32 |     9 |    53 ||    94
       Deflected         |       |       |     1 ||     1
Block: Other             |     9 |     5 |    13 ||    27
